 Dungeon Crawl Stone Soup version 0.20.1-1-g8b1a95d (webtiles) character file.

134 homeworkjunkie the Shield-Bearer (level 5, -3/46 HPs)
             Began as a Hill Orc Fighter on Nov 15, 2017.
             Was an Initiate of Okawaru.
             Slain by a slave (7 damage)
             ... led by Pikel
             ... on level 4 of the Dungeon.
             The game lasted 00:03:52 (2238 turns).

homeworkjunkie the Shield-Bearer (Hill Orc Fighter) Turns: 2238, Time: 00:03:53

Health: -3/46      AC: 10    Str: 20    XL:     5   Next: 17%
Magic:  5/5        EV:  7    Int:  8    God:    Okawaru [......]
Gold:   100        SH:  9    Dex: 10    Spells: 4/4 levels left

rFire    . . .     SeeInvis +   a - +0 war axe
rCold    . . .     Gourm    .   c - +0 shield
rNeg     . . .     Faith    .   b - +0 scale mail
rPois    .         Spirit   .   (no helmet)
rElec    .         Reflect  .   (no cloak)
rCorr    .         Harm     .   i - +2 pair of gloves
MR       .....                  (no boots)
Stlth    ..........             (no amulet)
Regen    0.2/turn               m - ring of see invisible
MPRegen  0.1/turn               (no ring)

@: hasted, very quick
A: no striking features
a: Renounce Religion


You were on level 4 of the Dungeon.
You worshipped Okawaru.
Okawaru was noncommittal.
You were not hungry.

You visited 1 branch of the dungeon, and saw 4 of its levels.

You collected 100 gold pieces.

Inventory:

Hand Weapons
 a - a +0 war axe (weapon)
Armour
 b - a +0 scale mail (worn)
 c - a +0 shield (worn)
 i - a +2 pair of gloves (worn)
Jewellery
 m - a ring of see invisible (left hand)
Wands
 h - a wand of flame (14/48)
Scrolls
 d - 2 scrolls of teleportation
 n - a scroll of remove curse
 o - a scroll of identify
Potions
 e - a potion of lignification {unknown}
 g - a potion of haste
 j - a potion of ambrosia {unknown}
 k - a potion of curing {unknown}
Comestibles
 f - 2 bread rations
 l - 3 meat rations


   Skills:
 * Level 4.1 Fighting
 * Level 4.1 Axes
 * Level 3.9 Armour
 + Level 0.2 Dodging
 * Level 4.4 Shields
 * Level 1.2 Evocations


You had 4 spell levels left.
You didn't know any spells.

Dungeon Overview and Level Annotations

Branches:
Dungeon (4/15)
 Temple: D:4-7

Altars:
Makhleb
Okawaru
Qazlal

Annotations:
D:3 0x5F3759DF's ghost, amateur DENe
D:4 Pikel


Message History

* * * LOW HITPOINT WARNING * * *
Pikel freezes you.
* * * LOW HITPOINT WARNING * * *
The slave hits you.
* * * LOW HITPOINT WARNING * * *
You block the slave's attack.
A slave comes into view.
You miss Pikel.
Pikel is severely wounded.
The slave shouts!
You hit the slave but do no damage. You hit the slave.
Pikel hits you but does no damage. The slave hits you.
* * * LOW HITPOINT WARNING * * *
The slave barely misses you.
You hit Pikel.
Pikel is severely wounded.
You hit the slave but do no damage.
Your shield and scale mail prevent you from hitting the slave.
The slave hits you!
You die...

..........#
..........##
..........####
............#
#......(.... #.........
#......## ##..p..).#
##>.@Kp#..##
##...p####..##
..#....## ##..##
.........# #...####
........## ###......#
........# ##..........
..>.....####....####...
........#.....### #.
............###


You could see Pikel and 3 slaves.

Vanquished Creatures
  Terence (D:3)
  3 adders
  2 oozes
  2 leopard geckos (D:1)
  9 orcs (D:3)
  2 giant cockroaches (D:1)
  4 goblins
  9 hobgoblins
  7 jackals
  6 kobolds
  A ball python (D:1)
  7 bats
  2 frilled lizards (D:1)
  4 rats
59 creatures vanquished.

Notes
Turn   | Place    | Note
-------+----------+-------------------------------------------
     0 | D:1      | homeworkjunkie the Hill Orc Fighter began the quest for the Orb.
     0 | D:1      | Reached XP level 1. HP: 19/19 MP: 1/1
    34 | D:1      | Reached XP level 2. HP: 27/27 MP: 2/2
   196 | D:3      | Found a stormy altar of Qazlal.
   206 | D:3      | Noticed Terence
   213 | D:3      | Killed Terence
   213 | D:3      | Reached XP level 3. HP: 25/33 MP: 3/3
   327 | D:3      | Reached XP level 4. HP: 40/40 MP: 4/4
   397 | D:3      | Noticed 0x5F3759DF's ghost (amateur DENe)
   552 | D:2      | Found an iron altar of Okawaru.
   847 | D:2      | Became a worshipper of Warmaster Okawaru
   907 | D:2      | Found a burning altar of Makhleb.
  1254 | D:2      | Found a faded altar of an unknown god.
  1471 | D:1      | Reached skill level 1 in Evocations
  1653 | D:1      | Reached XP level 5. HP: 46/46 MP: 5/5
  2199 | D:4      | Noticed a slave
  2200 | D:4      | Noticed Pikel
  2216 | D:4      | Noticed a slave
  2227 | D:4      | Noticed a slave
  2237 | D:4      | Noticed a slave
  2238 | D:4      | Slain by a slave

Skill      XL: |  1  2  3  4  5 |
---------------+----------------+-----
Fighting       | 4 |  4.1
Axes           | 3 4 |  4.1
Shields        | 4 |  4.4
Evocations     | 1 |  1.2
Armour         | |  3.9
Dodging        | |  0.2

Action                   |  1- 3 |  4- 6 || total
-------------------------+-------+-------++-------
Melee: War axe           |    51 |   146 ||   197
  Use: Scroll            |     1 |     3 ||     4
       Potion            |     1 |     1 ||     2
  Eat: Bread ration      |       |     1 ||     1
Armor: Scale mail        |    24 |    65 ||    89
Dodge: Dodged            |    13 |    48 ||    61
Block: Shield            |    37 |    95 ||   132
